 Dungeon Crawl Stone Soup version 0.31.0-11-ge490571c62 (webtiles) character file.

Game seed: 11118165194108529862

122354 jasper the Brawler (level 16, -25/149 HPs)
             Began as an Armataur Berserker on Feb 4, 2024.
             Was a High Priest of Trog.
             Annihilated by Asterion
             ... wielding a +2 spectral demon trident
              (36 damage)
             ... on level 2 of the Spider Nest.
             The game lasted 00:37:15 (22400 turns).

jasper the Brawler (Armataur Berserker)            Turns: 22400, Time: 00:37:15

Health: -25/149    AC: 14    Str: 28    XL:     16   Next: 34%
Magic:  16/16      EV: 11    Int:  7    God:    Trog [*****.]
Gold:   1090       SH: 19    Dex: 16    Spells: 15/15 levels left

rFire   + .          .
                       - Unarmed
rCold   . . .        J - +0 tower shield of the Desert {rF+ Str+3}
rNeg    . . .        j - melded +8 chain mail "Ariexith" {*Corrode rF++ Regen+}
rPois   +            O - +0 helmet
rElec   .            e - +2 cloak
rCorr   .            I - +2 pair of gloves
SInv    .            G - +0 barding
Will    +....        B - amulet of regeneration
Stlth   +            Y - +5 ring of evasion
HPRegen 1.24/turn    S - ring of poison resistance
MPRegen 0.15/turn

%: roll
@: lethally poisoned (-25 -> -28), maw-form, on berserk cooldown, slowed, very
slow
A: devouring maw, large, deformed body, tough skin 3, armoured tail, roll 2
a: Begin Untransformation, Renounce Religion, Berserk, Trog's Hand, Brothers in
Arms


You were on level 2 of the Spider Nest.
You worshipped Trog.
Trog was extremely pleased with you.
You were a creature with a mouth for a stomach.
You visited 4 branches of the dungeon, and saw 24 of its levels.
You also visited: Bailey.

You collected 2213 gold pieces.
You spent 1123 gold pieces at shops.

Inventory:

Hand Weapons
 t - a +3 hand cannon of electrocution
Missiles
 g - 127 stones (quivered)
 o - 11 poisoned darts
 v - 27 boomerangs
 z - 3 curare-tipped darts
 D - 2 throwing nets
 Q - 4 datura-tipped darts
Armour
 e - a +2 cloak (worn)
 j - the +8 chain mail "Ariexith" (melded) {*Corrode rF++ Regen+}
   (You found it on level 14 of the Dungeon)

   rF++:      It greatly protects you from fire.
   Regen+:    It increases your rate of health regeneration.
   *Corrode:  It may corrode you when you take damage.
 A - a +0 kite shield
 C - a +3 ring mail
 G - a +0 barding (worn)
 I - a +2 pair of gloves (worn)
 J - the +0 tower shield of the Desert (worn) {rF+ Str+3}
   (You acquired it on level 14 of the Dungeon)

   Str+3:     It affects your strength (+3).
   rF+:       It protects you from fire.
 O - a +0 helmet (worn)
Jewellery
 h - a +6 ring of dexterity
 B - an amulet of regeneration (around neck)
 H - a +5 ring of evasion
 L - a ring of ice
 N - a ring of flight
 P - a ring of protection from cold
 S - a ring of poison resistance (right hand)
 W - a +6 ring of strength
 Y - a +5 ring of evasion (left hand)
Talismans
 a - a maw talisman (active)
Wands
 s - a wand of polymorph (14)
 V - a wand of flame (21)
Scrolls
 n - a scroll of immolation
 x - 2 scrolls of blinking
 y - 7 scrolls of enchant armour
 E - 2 scrolls of brand weapon
 F - 6 scrolls of fear
 K - 2 scrolls of vulnerability
 R - 6 scrolls of teleportation
 T - 3 scrolls of identify
 U - a scroll of poison
 Z - 2 scrolls of revelation
Potions
 b - 6 potions of ambrosia
 c - 10 potions of curing
 d - 3 potions of lignification
 f - 2 potions of berserk rage
 i - 3 potions of degeneration
 k - 5 potions of cancellation
 l - 5 potions of brilliance
 m - 3 potions of haste
 p - 3 potions of resistance
 r - 2 potions of mutation
 u - 2 potions of invisibility
 w - 3 potions of might
 M - a potion of enlightenment
 X - 2 potions of magic


   Skills:
 + Level 15.1 Fighting
 - Level 2.4 Armour
 - Level 1.3 Dodging
 + Level 15.2 Shields
 * Level 16.3 Unarmed Combat
 + Level 10.1 Shapeshifting


You had 15 spell levels left.
You didn't know any spells.
Your spell library was empty.

Dungeon Overview and Level Annotations

Branches:
Dungeon (15/15)            Temple (0/1) D:5            Lair (5/5) D:9
  Swamp (0/4) Lair:3       Spider (2/4) Lair:3          Orc (2/2) D:10
    Elf (0/3) Orc:2        Vaults (0/5) D:14         Depths (0/4) D:15
 Bailey (visited)
  Slime: Lair:4-5

Altars:
Ashenzari
Cheibriados
Fedhas
Kikubaaqudgha
Makhleb
Okawaru
Qazlal
Sif Muna
Trog
Xom
Jiyva

Shops:
D:7 *   D:12 =   D:15 *(((   Orc:2 :(?:

Annotations:
D:10 exclusions: ice statue and orange crystal statue
D:11 2 transporters, jestert79's ghost, journeyman DrBr
D:14 2 transporters, rozman's ghost, journeyman MiMo
Lair:5 exclusion: 2 oklob plants
Spider:2 Asterion


Innate Abilities, Weirdness & Mutations

You are a creature with a mouth for a stomach.
Your midsection houses a second, enormous mouth.
Armour fits poorly on your strangely shaped body.
You have extremely tough skin. (AC +3)
You have a long armoured tail.
You regenerate magic and health when rolling toward enemies. (Rampage Regen)


Message History

A freezing mist starts to gather...
A wolf spider simulacrum comes into view.
You feel very sick.
The +2 spectral demon trident is engulfed in freezing vapours.
You block the jumping spider's attack. x2
The +2 spectral demon trident is engulfed in freezing vapours.
Unknown command.
Unknown command.
You pummel the jumping spider!!
Your tail-slap misses the jumping spider.
The jumping spider is heavily wounded.
You feel very sick. You block the jumping spider's attack.
The jumping spider bites you but does no damage.
Asterion hits you but does no damage.
You block the +2 spectral demon trident's attack.
The +2 spectral demon trident is engulfed in freezing vapours.
You block the cacodemon's attack. x2
Unknown command.
You pummel the wolf spider simulacrum!!
You tail-slap the wolf spider simulacrum!
The wolf spider simulacrum vaporises!
You are no longer berserk.
You are exhausted.
You feel yourself slow down.
You feel sick.
You block the jumping spider's attack. x2; Asterion closely misses you.
You block the +2 spectral demon trident's attack.
You block the jumping spider's attack. The jumping spider misses you.
You closely miss the jumping spider.
The jumping spider is moderately wounded.
You feel very sick. The jumping spider misses you.
The jumping spider completely misses you.
You block Asterion's attack.
The +2 spectral demon trident closely misses you.
You block the cacodemon's attack. x2; You block the jumping spider's attack.
The jumping spider closely misses you.
Asterion hits you from afar with a +2 spectral demon trident!!!
You die...
Asterion screams, "The power of Makhleb!"

.............# ##.#.
............## #.
.........#..## ##
.........##^.# ..#
...†......#..## #..###
...........#..##
#......
...............##y....#
................#(H.#
........###...^☼W2.#
.......## ##..##^s##
.......# ##..###..#
......####.### .##.#
#####.###.## # ##
#..#..# #....## #....##
#....#..


You could see Asterion (fast, soul bound), a cacodemon (summoned), a moth of
wrath (soul bound), a jumping spider (berserk, soul bound) and a +2 spectral
demon trident.

Vanquished Creatures
  Jorgrun (Spider:1)
  Kirke (Spider:1)
  An emperor scorpion (Spider:2)
  An orc warlord (Bailey)
  2 fire dragons (D:15)
  An entropy weaver (Spider:1)
  5 vault guards (D:14)
  10 hydras
  Fannar (D:11)
  Harold (D:9)
  4 centaur warriors
  A death knight (D:15)
  A catoblepas (Lair:5)
  5 boulder beetles
  11 death yaks (Lair:5)
  2 two-headed ogres
  A deep troll shaman (Lair:5)
  3 orc high priests (Orc:2)
  2 tengu warriors (D:15)
  A demonic crawler (Spider:2)
  A skyshark (Lair:2)
  2 pharaoh ants (Spider:2)
  22 skeletal warriors
  3 orb spiders (Spider:1)
  A swamp dragon (Lair:3)
  2 steelbarb worms (Spider:2)
  10 orc knights
  6 wolf spiders
  A deep elf pyromancer (D:12)
  5 manticores
  5 orc sorcerers
  4 ugly things (D:14)
  9 cyclopes
  A moth of wrath (Lair:3)
  4 kobold blastminers
  18 elephants
  Joseph (D:9)
  A torpor snail (Spider:2)
  3 black mambas
  2 gargoyles
  10 cane toads
  10 komodo dragons
  6 rime drakes
  A yaktaur (D:15)
  2 freezing wraiths (D:15)
  2 tengu conjurers (D:14)
  A troll (shapeshifter) (D:13)
  2 polar bears
  4 trolls
  A hornet (D:8)
  A queen bee (Lair:2)
  2 tarantellas
  15 blink frogs
  2 slime creatures (D:15)
  6 dream sheep (Lair:4)
  2 raiju (shapeshifter)
  A centaur simulacrum (D:15)
  2 jumping spiders (Spider:2)
  2 culicivoras
  7 humans (D:14)
  2 shadows
  4 wyverns
  4 redbacks (Spider:1)
  51 yaks
  6 basilisks
  2 wargs
  A hog (Spider:1)
  5 steam dragons
  2 vampire mosquitoes (D:13)
  An acid dragon (D:10)
  24 water moccasins
  24 orc warriors
  2 ice beasts
  4 laughing skulls
  3 black bears
  3 boggarts (D:14)
  11 wolves
  6 ogres
  13 centaurs
  8 bullfrogs
  3 gnoll sergeants
  2 scorpions
  26 killer bees (Lair:2)
  A howler monkey (D:12)
  2 bombardier beetles
  11 orc priests
  4 hounds
  2 jellies (D:4)
  Jessica (D:3)
  A sleepcap (D:5)
  7 iguanas
  28 orc wizards
  A hell rat (Lair:2)
  15 gnolls
  5 adders
  2 river rats (Lair:2)
  2 shadow imps
  A white imp (D:5)
  3 dart slugs
  2 ribbon worms
  74 orcs
  2 endoplasms
  3 giant cockroaches
  13 hobgoblins
  10 jackals
  6 kobolds
  7 quokkas
  6 ball pythons
  6 bats
  A frilled lizard (D:1)
  19 goblins
  4 rats
681 creatures vanquished.

Vanquished Creatures (collateral kills)
  A redback (Spider:1)
1 creature vanquished.

Vanquished Creatures (others)
  A human (Spider:1)
  An orc priest (D:11)
  2 orc wizards
  A spectral weapon (Spider:2)
5 creatures vanquished.

Grand Total: 687 creatures vanquished

Notes
Turn   | Place    | Note
-------+----------+-------------------------------------------
     0 | D:1      | jasper the Armataur Berserker began the quest for the Orb.
     0 | D:1      | Reached XP level 1. HP: 18/18 MP: 1/1
   162 | D:1      | Reached skill level 3 in Unarmed Combat
   313 | D:1      | You fall into a shaft and drop 1 floor!
   319 | D:2      | Reached XP level 2. HP: 21/25 MP: 2/2
   474 | D:2      | Reached XP level 3. HP: 29/30 MP: 3/3
   570 | D:2      | Reached ** piety under Trog
   582 | D:2      | Reached skill level 4 in Unarmed Combat
  1091 | D:3      | Reached XP level 4. HP: 37/37 MP: 4/4
  1094 | D:3      | Found a faded altar of an unknown god.
  1284 | D:3      | Noticed Jessica
  1293 | D:3      | Killed Jessica
  1304 | D:3      | HP: 1/37 [poisoned by Jessica]
  1917 | D:4      | Reached skill level 5 in Unarmed Combat
  1917 | D:4      | Reached XP level 5. HP: 11/42 MP: 5/5
  2322 | D:4      | Noticed an ogre
  2325 | D:4      | Noticed a black bear
  2330 | D:4      | Killed an ogre
  2331 | D:4      | Reached skill level 6 in Unarmed Combat
  2334 | D:4      | Killed a black bear
  2335 | D:4      | Reached XP level 6. HP: 50/50 MP: 6/6
  2873 | D:5      | Entered Level 5 of the Dungeon
  2873 | D:5      | Noticed a water moccasin
  2883 | D:5      | Killed a water moccasin
  2884 | D:5      | Reached skill level 7 in Unarmed Combat
  3039 | D:5      | Found a broken altar of Ashenzari.
  3044 | D:5      | Found a burning altar of Makhleb.
  3044 | D:5      | Found a shimmering altar of Xom.
  3044 | D:5      | Found an ancient bone altar of Kikubaaqudgha.
  3045 | D:5      | Found a snail-covered altar of Cheibriados.
  3197 | D:5      | Found a staircase to the Ecumenical Temple.
  3203 | D:5      | Gained mutation: You regenerate magic and health when
                  | rolling toward enemies. (Rampage Regen) [Armataur growth]
  3203 | D:5      | Reached XP level 7. HP: 56/56 MP: 7/7
  3594 | D:5      | Reached skill level 8 in Unarmed Combat
  4256 | D:6      | Reached skill level 9 in Unarmed Combat
  4256 | D:6      | Reached XP level 8. HP: 55/62 MP: 8/8
  4499 | D:6      | Reached skill level 10 in Unarmed Combat
  4609 | D:6      | Identified the +9 scimitar "Boidghe" {holy, rElec}
  4978 | D:7      | Reached skill level 5 in Fighting
  5258 | D:7      | Reached XP level 9. HP: 75/75 MP: 9/9
  5535 | D:7      | Found Idweroju's Serpentskin Sales.
  5560 | D:7      | Bought 3 curare-tipped darts for 43 gold pieces
  5659 | D:8      | Reached *** piety under Trog
  6888 | D:9      | Noticed a two-headed ogre
  6909 | D:9      | Killed a two-headed ogre
  6910 | D:9      | Reached XP level 10. HP: 92/92 MP: 10/10
  7007 | D:9      | Found a stormy altar of Qazlal.
  7076 | D:9      | Found a staircase to the Lair.
  7077 | D:9      | Noticed Joseph
  7093 | D:9      | Reached skill level 10 in Fighting
  7105 | D:9      | Reached skill level 1 in Shields
  7116 | D:9      | Killed Joseph
  7155 | D:9      | Found a flagged portal.
  7170 | Bailey   | Entered a bailey
  7253 | Bailey   | Noticed an orc knight
  7271 | Bailey   | Reached **** piety under Trog
  7272 | Bailey   | Reached skill level 5 in Shields
  7281 | Bailey   | Killed an orc knight
  7355 | Bailey   | Noticed an orc knight
  7374 | Bailey   | Killed an orc knight
  7873 | Bailey   | Reached XP level 11. HP: 99/99 MP: 11/11
  7881 | Bailey   | Noticed an orc warlord
  7894 | Bailey   | Killed an orc warlord
  7995 | D:9      | Noticed Harold
  8005 | D:9      | Killed Harold
  8398 | D:9      | Reached XP level 12. HP: 106/106 MP: 12/12
  8741 | D:10     | Entered Level 10 of the Dungeon
  8793 | D:10     | Found a staircase to the Orcish Mines.
  9229 | D:10     | Found a shimmering blue altar of Sif Muna.
  9283 | D:10     | Noticed a two-headed ogre
  9292 | D:10     | Killed a two-headed ogre
  9556 | D:11     | Noticed Fannar
  9585 | Orc:1    | Entered Level 1 of the Orcish Mines
  9946 | D:11     | Reached skill level 15 in Shields
  9978 | D:11     | Killed Fannar
 10139 | D:11     | Identified the +6 scale mail of Agnosticism {rN+ Regen+
                  | Int+2 Slay-6}
 10391 | D:11     | Reached skill level 11 in Unarmed Combat
 10547 | D:11     | Found a transporter.
 10553 | D:11     | Noticed a tengu warrior
 10553 | D:11     | Noticed jestert79's ghost (journeyman DrBr)
 10556 | D:11     | Found a bloodstained altar of Trog.
 10556 | D:11     | Noticed a two-headed ogre
 10565 | D:11     | Found a transporter.
 10802 | Lair:1   | Entered Level 1 of the Lair of Beasts
 11044 | Lair:1   | Reached skill level 12 in Unarmed Combat
 11619 | Lair:2   | Noticed a four-headed hydra
 11628 | Lair:2   | Killed a four-headed hydra
 11818 | Lair:2   | Reached XP level 13. HP: 108/113 MP: 13/13
 11872 | Lair:2   | Reached ***** piety under Trog
 11873 | Lair:2   | Reached skill level 13 in Unarmed Combat
 12022 | Lair:2   | Found a shimmering blue altar of Sif Muna.
 13099 | Lair:3   | Reached skill level 14 in Unarmed Combat
 13454 | Lair:3   | Found a staircase to the Swamp.
 13459 | Lair:3   | Reached skill level 15 in Unarmed Combat
 13652 | Lair:3   | Found a hole to the Spider Nest.
 14887 | Lair:5   | Entered Level 5 of the Lair of Beasts
 14902 | Lair:4   | Reached skill level 16 in Unarmed Combat
 15150 | Lair:4   | Reached XP level 14. HP: 94/121 MP: 14/14
 15304 | Lair:5   | Identified the +8 falchion of Pais {protect, Int+2}
 15674 | Lair:5   | Found a blossoming altar of Fedhas.
 15860 | Lair:5   | Identified the orb "Baash" {guile, rPois rF+ Regen+ Summ}
 16671 | Lair:5   | Found a viscous altar of Jiyva.
 17190 | Orc:2    | Entered Level 2 of the Orcish Mines
 17221 | Orc:2    | Found a staircase to the Elven Halls.
 17247 | Orc:2    | Reached ****** piety under Trog
 17259 | Orc:2    | Received a gift from Trog
 17642 | Orc:1    | Reached XP level 15. HP: 139/139 MP: 15/15
 17978 | Orc:2    | Found Jehass's Weapon Shop.
 17978 | Orc:2    | Found Veesk's Book Shop.
 17979 | Orc:2    | Found Kaiweth's Book Emporium.
 17979 | Orc:2    | Found Xuamugus's Magic Scroll Emporium.
 17984 | Orc:2    | Reached skill level 15 in Fighting
 17994 | Orc:2    | Bought a scroll of teleportation for 33 gold pieces
 17994 | Orc:2    | Bought a scroll of teleportation for 33 gold pieces
 17994 | Orc:2    | Bought a scroll of blinking for 82 gold pieces
 17994 | Orc:2    | Bought a scroll of revelation for 82 gold pieces
 18512 | D:12     | Found Sesodaol's Jewellery Emporium.
 18517 | D:12     | Bought a maw talisman for 390 gold pieces
 18604 | D:12     | Reached skill level 1 in Shapeshifting
 18814 | D:12     | Identified the +3 long sword "jasper's Bane" {antimagic,
                  | +Blink Str+7}
 19287 | D:13     | Received a gift from Trog
 19843 | D:14     | Reached skill level 5 in Shapeshifting
 19897 | D:14     | Found a transporter.
 19897 | D:14     | Noticed rozman's ghost (journeyman MiMo)
 20145 | D:14     | Identified the +8 chain mail "Ariexith" {*Corrode rF++
                  | Regen+}
 20446 | D:14     | Identified a scroll of acquirement
 20574 | D:14     | Found a gate to the Vaults.
 20631 | D:14     | Found a transporter.
 20915 | D:15     | Entered Level 15 of the Dungeon
 21067 | D:15     | Received a gift from Trog
 21265 | D:15     | Found Sem Noatz's Antique Weapon Emporium.
 21274 | D:15     | Found Ojocliapn's Assorted Antiques.
 21283 | D:15     | Reached XP level 16. HP: 149/149 MP: 16/16
 21288 | D:15     | Bought a potion of heal wounds for 170 gold pieces
 21336 | D:15     | Bought a fuming purple potion for 30 gold pieces
 21336 | D:15     | Acquired the +0 tower shield of the Desert {rF+ Str+3}
 21358 | D:15     | Found an iron altar of Okawaru.
 21401 | D:15     | Found Kitod's Antique Weapon Boutique.
 21533 | D:15     | Found a staircase to the Depths.
 21619 | D:15     | Found Pextas's General Store.
 21661 | D:15     | Found Atasod's Antique Weapon Shoppe.
 21784 | D:12     | Bought a ring of poison resistance for 260 gold pieces
 21902 | Spider:1 | Entered Level 1 of the Spider Nest
 22032 | Spider:1 | Noticed Jorgrun
 22048 | Spider:1 | Killed Jorgrun
 22049 | Spider:1 | Reached skill level 10 in Shapeshifting
 22087 | Spider:1 | Noticed Kirke
 22096 | Spider:1 | Killed Kirke
 22163 | Spider:2 | HP: 5/149 [jumping spider (4)]
 22379 | Spider:2 | Noticed Asterion
 22400 | Spider:2 | Annihilated by Asterion

Illustrated notes

Levels and vault maps discovered:
D:1:      amcnicky_arrival_choice, layout_loops_corners
D:2:      layout_basic
D:3:      layout_loops_cross, hellmonk_ecumenical_altar_blasted, uniq_jessica
D:4:      layout_basic, hangedman_feature_mirror, kennysheep_pointless_box,
          st_stairs_2, nicolae_titane
D:5:      layout_layer_cave, grunt_temple_overflow_open,
          minmay_temple_entry_sparse_star, st_stairs_6
D:6:      layout_basic
D:7:      layout_basic, guppyfry_shop_venom
D:8:      layout_loops_corners, grunt_ministairs_15
D:9:      layout_roguey, kennysheep_little_box, erik_lair_orcish_takeover,
          enter_bailey_5, uniq_joseph, uniq_harold
D:10:     layout_small_grid, lemuel_tele_altar, orc_0_dummy, david_greed
D:11:     cheibrodos_lost_city_excavation, layout_basic,
          gammafunk_ghost_wrathful_warriors, uniq_fannar
D:12:     layout_irregular_city, serial_shops, nicolae_square_shop
D:13:     layout_loops_ring
D:14:     layout_loops_ring, ximxim_vaults_locker_room,
          gammafunk_ghost_stat_death
D:15:     grunt_enter_depths_hoard, layout_rooms, serial_curves, eino_curves_02,
          eino_curves_02, serial_shops, nicolae_shop_dealshenge,
          nicolae_shop_pleasant_corner_grove, shop,
          nicolae_shop_window_shopping, shop, okawaru_ov_weapons_minmay
Lair:1:   layout_long_grid
Lair:2:   regret_index_tunnel_blossom, layout_regular_city, basic_altar
Lair:3:   layout_chaotic_city, minmay_swamp_entry_reptiles,
          hellmonk_spider_entry_life_and_decay
Lair:4:   layout_regular_city
Lair:5:   grunt_lair_end_beastmaster, layout_cave_pods,
          minmay_slime_entry_oklob_enclosed, tgw_fedhas, serial_bayou_shore_b
Spider:1: layout_spider_delve, uniq_jorgrun, uniq_kirke
Spider:2: layout_chambers, nicolae_spider_rock_and_or_roll, uniq_asterion
Orc:1:    layout_diamond_mine, enter_volcano_4
Orc:2:    st_orc_elflike, layout_diamond_mine

Skill      XL: |  1  2  3  4  5  6  7  8  9 10 11 12 13 14 15 16 |
---------------+-------------------------------------------------+-----
Unarmed Combat | 3 4 5 6 7 9 10 12 16 | 16.3
Fighting       | 5 9 10 14 15 | 15.1
Shields        | 12 13 15 | 15.2
Shapeshifting  | 9 10 | 10.1
Armour         | |  2.4
Dodging        | |  1.3

Action                     |  1- 3 |  4- 6 |  7- 9 | 10-12 | 13-15 | 16-18 || total
---------------------------+-------+-------+-------+-------+-------+-------++-------
  Melee: Unarmed           |   109 |   111 |   236 |   619 |  1639 |   165 ||  2879
         Tailslap          |    13 |     9 |    30 |   111 |   359 |    40 ||   562
         Punch             |     3 |     3 |    11 |       |       |       ||    17
         Maw               |       |       |       |       |       |    33 ||    33
   Fire: Hand cannon       |       |       |       |       |     4 |       ||     4
  Throw: Dart              |       |       |       |     6 |       |       ||     6
 Invoke: Berserk           |     3 |     4 |     9 |     8 |    16 |     5 ||    45
         Trog's Hand       |       |       |     2 |     3 |    13 |     4 ||    22
         Brothers in Arms  |       |       |       |       |       |     3 ||     3
  Evoke: Wand              |       |       |       |     1 |     7 |       ||     8
    Use: Scroll            |       |    10 |     8 |     8 |     7 |     5 ||    38
         Potion            |       |       |       |     2 |       |     6 ||     8
   Stab: Distracted        |       |       |     1 |       |       |       ||     1
         Petrifying        |       |       |       |       |     1 |       ||     1
         Petrified         |       |       |       |       |     1 |       ||     1
         Invisible         |       |       |       |       |     1 |     4 ||     5
 Armour: Animal skin       |     9 |       |       |       |       |       ||     9
         Scale mail        |    67 |    75 |   126 |       |       |       ||   268
         Ring mail         |       |       |    34 |   267 |   668 |       ||   969
         Chain mail        |       |       |       |       |   110 |    58 ||   168
         Skin              |       |       |       |       |       |   141 ||   141
  Dodge: Dodged            |    56 |    33 |    54 |   127 |   448 |    84 ||   802
  Block: Kite shield       |       |       |       |   348 |   915 |    43 ||  1306
         Tower shield      |       |       |       |       |       |   161 ||   161
   Form: Maw               |       |       |       |       |       |     1 ||     1
